 Dungeon Crawl Stone Soup version 0.18-a0-1323-g706dcef (webtiles) character file.

19668 Kidiri the Thaumaturge (level 12, -5/53 HPs)
             Began as a Deep Elf Conjurer on Feb 15, 2016.
             Was a High Priest of Sif Muna.
             Slain by a black mamba (10 damage)
             ... on level 4 of the Lair of Beasts.
             The game lasted 01:48:49 (22586 turns).

Kidiri the Thaumaturge (Deep Elf Conjurer)         Turns: 22586, Time: 01:48:49

Health: -5/53      AC: 12    Str: 11    XL:     12   Next: 38%
Magic:  5/35       EV: 17    Int: 35    God:    Sif Muna [*****.]
Gold:   1099       SH:  6    Dex: 15    Spells: 10 memorised, 4 levels left

rFire  x . .     SeeInvis +     C - +1 dagger of Sin {flame, Fragile rPois Int+3}
rCold  + . .     Gourm    .     D - +5 ring mail "Webrimm" {rF- rC+ MP+9}
rNeg   . . .     Faith    .     V - +1 buckler
rPois  +         Spirit   .     (helmet unavailable)
rElec  +         Dismiss  +     (no cloak)
rCorr  .         Reflect  .     Q - +2 pair of gloves
SustAt .         Harm     .     y - -3 pair of boots of Gallantry {Int+6}
MR     +....     NoTele   +     A - amulet of Kiq Yker {Dismiss -Tele rElec Str+4 SInv}
Stlth  +++.......               t - +4 ring of slaying
                                q - +1 ring of evasion

@: hasted, repel missiles, very quick, somewhat resistant to hostile
enchantments, fairly stealthy
A: horns 3, blurry vision 1, frail 1, low mp 1, strong 1, subdued magic 1
a: Channel Energy, Forget Spell, Renounce Religion


You were on level 4 of the Lair of Beasts.
You worshipped Sif Muna.
Sif Muna was extremely pleased with you.
You were hungry.

You visited 3 branches of the dungeon, and saw 15 of its levels.
You also visited: Ossuary.

You collected 1099 gold pieces.

Inventory:

Hand Weapons
 C - the +1 dagger of Sin (weapon) {flame, Fragile rPois Int+3}
   (You found it on level 5 of the Dungeon)

   It has been specially enchanted to burn those struck by it, causing extra
   injury to most foes and up to half again as much damage against particularly
   susceptible opponents.
   It affects your intelligence (+3).
   It protects you from poison.
   It will be destroyed if unequipped.
Missiles
 P - a throwing net (quivered)
Armour
 y - the -3 pair of boots of Gallantry (worn) {Int+6}
   (You found it on level 5 of the Dungeon)

   It affects your intelligence (+6).
 D - the +5 ring mail "Webrimm" (worn) {rF- rC+ MP+9}
   (You found it on level 6 of the Dungeon)

   It makes you vulnerable to fire.
   It protects you from cold.
   It affects your magic capacity (+9).
 Q - a +2 pair of gloves (worn)
 V - a +1 buckler (worn)
Magical Staves
 M - an uncursed staff of energy
 O - an uncursed staff of air {unknown}
 U - an uncursed staff of death {unknown}
Jewellery
 p - an uncursed ring of protection from magic
 q - a +1 ring of evasion (left hand)
 t - a +4 ring of slaying (right hand)
 A - the amulet of Kiq Yker (around neck) {Dismiss -Tele rElec Str+4 SInv}
   (You found it on level 5 of the Dungeon)

   [amulet of dismissal]

   It may teleport away creatures that harm you.
   It affects your strength (+4).
   It insulates you from electricity.
   It lets you see invisible.
   It prevents most forms of teleportation.
 I - an uncursed ring of stealth
Wands
 n - a wand of iceblast (7/15)
 J - a wand of digging (15/24)
 Y - a wand of hasting (7/9)
Scrolls
 e - 3 scrolls of recharging
 g - 2 scrolls of blinking {unknown}
 h - 3 scrolls of teleportation
 i - 6 scrolls of remove curse
 m - a scroll of magic mapping
 u - a scroll of amnesia
 H - 5 scrolls of immolation
 T - a scroll of fear
Potions
 a - a potion of invisibility
 c - 4 potions of lignification
 d - 4 potions of flight
 j - a potion of curing
 l - a potion of brilliance
 o - 2 potions of berserk rage
 s - 2 potions of magic
 w - a potion of cancellation
 z - a potion of ambrosia
 E - 2 potions of might
 G - a potion of resistance
 S - 2 potions of degeneration {unknown}
Books
 b - a book of Conjurations

   Spells                             Type                      Level
   a - Magic Dart                     Conjuration                  1
   b - Searing Ray                    Conjuration                  2
   c - Dazzling Spray                 Conjuration/Hexes            3
   d - Fulminant Prism                Conjuration/Hexes            4
   e - Iskenderun's Mystic Blast      Conjuration                  4
   f - Iskenderun's Battlesphere      Conjuration/Charms           5
 v - a book of Frost

   Spells                             Type                      Level
   a - Freeze                         Ice                          1
   b - Throw Frost                    Conjuration/Ice              2
   c - Ozocubu's Armour               Charms/Ice                   3
   d - Throw Icicle                   Conjuration/Ice              4
   e - Summon Ice Beast               Ice/Summoning                4
 x - a book of Power

   Spells                             Type                      Level
   a - Fulminant Prism                Conjuration/Hexes            4
   b - Iskenderun's Mystic Blast      Conjuration                  4
   c - Venom Bolt                     Conjuration/Poison           5
   d - Bolt of Magma                  Conjuration/Fire/Earth       5
   e - Iron Shot                      Conjuration/Earth            6
   f - Orb of Destruction             Conjuration                  7
   g - Spellforged Servitor           Conjuration/Summoning        7
Comestibles
 f - 3 fruits
 B - 5 bread rations
 W - 3 meat rations
 X - a royal jelly


   Skills:
 + Level 3.3 Short Blades
 + Level 4.2 Armour
 * Level 10.6 Dodging
 + Level 7.0 Stealth
 * Level 2.9 Shields
 * Level 11.0 Spellcasting
 + Level 8.0 Conjurations
 + Level 7.4 Hexes
 + Level 7.1 Charms
 + Level 6.1 Fire Magic
 + Level 4.5 Air Magic
 + Level 4.7 Poison Magic
 + Level 5.4 Invocations
 + Level 3.2 Evocations


You had 4 spell levels left.
You knew the following spells:

 Your Spells              Type           Power        Failure   Level  Hunger
a - Magic Dart            Conj           ####         1%          1    None
b - Searing Ray           Conj           ######       1%          2    None
c - Dazzling Spray        Conj/Hex       #####...     1%          3    None
d - Iskenderun's Mystic   Conj           ######..     1%          4    None
e - Conjure Flame         Conj/Fire      #####...     1%          3    None
f - Fulminant Prism       Conj/Hex       #####.....   1%          4    None
g - Repel Missiles        Chrm/Air       #####.       1%          2    None
h - Slow                  Hex            #####...     1%          2    None
i - Mephitic Cloud        Conj/Pois/Air  #####...     1%          3    None
j - Iskenderun's Battles  Conj/Chrm      #####...     4%          5    #......


Dungeon Overview and Level Annotations

Branches:
Dungeon (9/15)             Temple (1/1) D:4            Lair (5/8) D:8
  Swamp: Lair:3-6    Shoals: Lair:3-6     Snake: Lair:3-6    Spider: Lair:3-6
    Orc: D:9-12

Altars:
Ashenzari
Cheibriados
Dithmenos
Elyvilon
Fedhas
Gozag
Kikubaaqudgha
Makhleb
Nemelex Xobeh
Okawaru
Pakellas
Qazlal
Ru
Sif Muna
Trog
Vehumet
Xom
Yredelemnul
Zin
The Shining One

Shops:
D:4 }


Innate Abilities, Weirdness & Mutations

You have a pair of large horns on your head.
Scrolls take you a little longer to read.
You are frail (-10% HP).
Your magical capacity is low (-10% MP).
Your muscles are strong. (Str +2)
Your spells are a little easier to cast, but a little less powerful.


Message History

You climb upwards.
There is a stone staircase leading down here.
Unknown command.
The black mamba closely misses you. The yak barely misses you.
Unknown command.
The black mamba bites you.
* * * LOW HITPOINT WARNING * * *
Unknown command.
Unknown command.
Drink which item? (? for menu, Esc to quit)
You feel yourself speed up. The black mamba misses you.
The six-headed hydra bites you but does no damage.
The six-headed hydra completely misses you.
The six-headed hydra closely misses you. x2
The six-headed hydra bites you.
* * * LOW HITPOINT WARNING * * *
The six-headed hydra bites you.
* * * LOW HITPOINT WARNING * * *
The black mamba bites you!
You die...

.......##....................P##.
........##...............#....#..
.......................##........
..)...[.....##..........#........
.............#.......>...........
.............#..................#
....P.........>..................
#...P..........YS................
...####........D@................
#..##......#.....................
#P.#P.....####.........).........
###........##.#................##
#..##...###..................##
###..#P...###..........#...#...
##.....#.#.........##....#..#
#.####.............###P.#....
####................###.#.#..


You could see a six-headed hydra, a black mamba and a yak.

Vanquished Creatures
  Fannar (Lair:3)
  A death yak (Lair:3)
  A griffon (Lair:1)
  A black mamba (Lair:4)
  A torpor snail (Lair:3)
  5 spiny frogs (Lair:1)
  3 komodo dragons
  The ghost of Uberwunderbarhen the Insei, a novice OpTm of Makhleb (D:5)
  A fire drake (Lair:3)
  Prince Ribbit (D:8)
  16 blink frogs
  18 yaks
  4 hippogriffs
  6 wolves
  2 steam dragons
  Menkaure (D:7)
  16 water moccasins
  7 porcupines
  3 orc warriors (D:8)
  2 ice beasts
  3 ogres
  2 sky beasts
  A necrophage (D:8)
  A phantom (D:7)
  2 centaurs
  6 crocodiles
  2 big kobolds (D:7)
  11 giant frogs
  An elf zombie (Ossuary)
  4 scorpions
  3 wights (D:7)
  2 crimson imps
  2 centaur zombies
  A giant frog zombie (D:7)
  2 jellies
  4 orc priests
  7 hounds
  12 orc wizards
  A giant frog skeleton (D:4)
  2 human zombies (Ossuary)
  7 iguanas
  9 worker ants
  Natasha (thrice) (D:4)
  15 sheep
  2 big kobold zombies (Ossuary)
  A hound zombie (Ossuary)
  3 mummies (Ossuary)
  2 worker ant zombies (D:5)
  5 adders
  7 gnolls
  4 river rats (Lair:3)
  A shadow imp (D:9)
  3 oozes
  4 adder zombies (Ossuary)
  An adder skeleton (D:7)
  3 worms (D:3)
  4 giant geckos
  38 orcs
  11 bats
  6 giant cockroaches
  A gnoll zombie (Ossuary)
  16 goblins
  12 hobgoblins
  9 jackals
  5 quokkas
  A giant gecko skeleton (D:9)
  A giant gecko zombie (D:6)
  7 giant newts
  2 goblin zombies (Ossuary)
  4 hobgoblin zombies (Ossuary)
  2 jackal zombies (Ossuary)
  18 kobolds
  6 kobold zombies (Ossuary)
  3 orc zombies (Ossuary)
  A quokka skeleton (D:7)
  2 quokka zombies (Ossuary)
  8 rats
  2 rat zombies (Ossuary)
  A fungus (Lair:5)
390 creatures vanquished.

Vanquished Creatures (others)
  A hippogriff (D:6)
  2 fungi
  A plant (Lair:1)
4 creatures vanquished.

Grand Total: 394 creatures vanquished

Notes
Turn   | Place    | Note
--------------------------------------------------------------
     0 | D:1      | Kidiri the Deep Elf Conjurer began the quest for the Orb.
     0 | D:1      | Reached XP level 1. HP: 10/10 MP: 6/6
   272 | D:1      | Reached XP level 2. HP: 15/15 MP: 0/8
   276 | D:1      | Learned a level 2 spell: Searing Ray
   933 | D:1      | Reached XP level 3. HP: 19/19 MP: 5/10
  1094 | D:1      | Learned a level 3 spell: Dazzling Spray
  2278 | D:3      | Reached skill level 1 in Hexes
  2278 | D:3      | Reached XP level 4. HP: 24/24 MP: 4/12
  2534 | D:3      | Learned a level 4 spell: Iskenderun's Mystic Blast
  3118 | D:3      | Reached skill level 5 in Conjurations
  3118 | D:3      | Reached XP level 5. HP: 28/28 MP: 9/14
  3220 | D:3      | Found a shadowy altar of Dithmenos.
  3799 | D:4      | Found a staircase to the Ecumenical Temple.
  3886 | D:4      | Found a sand-covered staircase.
  3891 | Ossuary  | Entered an ossuary
  3901 | Ossuary  | Learned a level 3 spell: Conjure Flame
  3936 | Ossuary  | Reached skill level 1 in Armour
  3936 | Ossuary  | Reached skill level 5 in Spellcasting
  4440 | Ossuary  | Reached XP level 6. HP: 21/32 MP: 1/15
  5372 | Ossuary  | Reached skill level 1 in Fire Magic
  5665 | Ossuary  | Reached skill level 5 in Dodging
  5779 | D:4      | Reached XP level 7. HP: 34/36 MP: 7/17
  5785 | D:4      | Learned a level 4 spell: Fulminant Prism
  6214 | D:4      | Found Horiamni's Gadget Boutique.
  6218 | D:4      | Noticed Natasha
  6235 | D:4      | Killed Natasha
  6235 | D:4      | Reached skill level 6 in Spellcasting
  6824 | D:4      | Noticed Natasha
  6828 | D:4      | Killed Natasha
  6989 | D:4      | Found a shattered altar of Ashenzari.
  7164 | Temple   | Entered the Ecumenical Temple
  7173 | Temple   | Learned a level 2 spell: Repel Missiles
  7182 | Temple   | Became a worshipper of Sif Muna the Loreminder
  7309 | D:4      | Noticed Natasha
  7314 | D:4      | Killed Natasha
  7454 | D:5      | Entered Level 5 of the Dungeon
  7457 | D:5      | Noticed Uberwunderbarhen's ghost (novice OpTm)
  7475 | D:5      | Killed Uberwunderbarhen's ghost
  7475 | D:5      | Reached skill level 1 in Charms
  7475 | D:5      | Reached skill level 1 in Air Magic
  7475 | D:5      | Reached XP level 8. HP: 41/41 MP: 0/20
  7604 | D:5      | Reached skill level 1 in Invocations
  7716 | D:5      | Found an ancient bone altar of Kikubaaqudgha.
  7928 | D:5      | Got a fine jade amulet
  7929 | D:5      | Identified the amulet of Kiq Yker {Dismiss -Tele rElec Str+4 SInv} (You found it on level 5 of the Dungeon)
  7931 | D:5      | Gained mutation: You have a pair of small horns on your head. [potion of mutation]
  7931 | D:5      | Gained mutation: Your muscles are strong. (Str +2) [potion of mutation]
  7931 | D:5      | Gained mutation: You have a pair of horns on your head. [potion of mutation]
  7988 | D:5      | Reached skill level 7 in Spellcasting
  7992 | D:5      | Gained mutation: You have a pair of large horns on your head. [mutagenic meat]
  7993 | D:5      | Gained mutation: Your magical capacity is low (-10% MP). [mutagenic meat]
  7994 | D:5      | Gained mutation: Your spells are a little easier to cast, but a little less powerful. [mutagenic meat]
  7995 | D:5      | Gained mutation: Scrolls take you a little longer to read. [mutagenic meat]
  7996 | D:5      | Gained mutation: You are frail (-10% HP). [mutagenic meat]
  8000 | D:5      | Learned a level 2 spell: Slow
  8175 | D:5      | Got a pair of distressingly furry boots
  8181 | D:5      | Identified the -3 pair of boots of Gallantry {Int+6} (You found it on level 5 of the Dungeon)
  8393 | D:5      | Got a dazzling dagger
  8394 | D:5      | Identified the +1 dagger of Sin {flame, Fragile rPois Int+3} (You found it on level 5 of the Dungeon)
  8792 | D:5      | Reached * piety under Sif Muna
  9465 | D:6      | Found an oddly glowing altar of Pakellas.
  9465 | D:6      | Noticed an orange crystal statue
  9741 | D:6      | Got a warped ring mail
  9752 | D:6      | Identified the +5 ring mail "Webrimm" {rF- rC+ MP+9} (You found it on level 6 of the Dungeon)
  9911 | D:6      | Reached skill level 8 in Spellcasting
 10462 | D:7      | Got a heavily jewelled robe
 10473 | D:7      | Identified the +1 robe of the Special Gods {-Cast rPois Dex+5} (You found it on level 7 of the Dungeon)
 10521 | D:7      | Reached XP level 9. HP: 40/40 MP: 0/20
 10701 | D:7      | Learned a level 3 spell: Mephitic Cloud
 10707 | D:7      | Noticed Menkaure
 10711 | D:7      | Killed Menkaure
 10744 | D:7      | Reached skill level 5 in Stealth
 10828 | D:7      | Reached ** piety under Sif Muna
 10861 | D:7      | Reached skill level 1 in Poison Magic
 12432 | D:8      | Noticed Prince Ribbit
 12454 | D:8      | Killed Prince Ribbit
 12454 | D:8      | Reached skill level 5 in Hexes
 13052 | D:8      | Reached skill level 9 in Spellcasting
 13136 | D:8      | Reached *** piety under Sif Muna
 13136 | D:8      | Reached XP level 10. HP: 27/45 MP: 22/22
 13583 | D:8      | Found a staircase to the Lair.
 14091 | D:9      | Found a glowing silver altar of Zin.
 14109 | D:9      | Found an oddly glowing altar of Pakellas.
 14110 | D:9      | Found a snail-covered altar of Cheibriados.
 14956 | D:9      | Got an opalescent robe
 14967 | D:9      | Identified the cursed +1 robe of Lies {*Corrode rF+ Regen+} (You found it on level 9 of the Dungeon)
 15040 | D:9      | Found an opulent altar of Gozag.
 15041 | D:9      | Found a sparkling altar of Nemelex Xobeh.
 15261 | Lair:1   | Entered Level 1 of the Lair of Beasts
 15489 | Lair:1   | Noticed a griffon
 15501 | Lair:1   | Killed a griffon
 15501 | Lair:1   | Reached skill level 5 in Charms
 15599 | Lair:1   | Reached skill level 1 in Short Blades
 15713 | Lair:1   | Noticed a spiny frog
 15723 | Lair:1   | Killed a spiny frog
 15723 | Lair:1   | Reached skill level 1 in Evocations
 16050 | Lair:1   | Noticed a spiny frog
 16071 | Lair:1   | Killed a spiny frog
 16457 | Lair:1   | Noticed a spiny frog
 16465 | Lair:1   | Killed a spiny frog
 16465 | Lair:1   | Reached skill level 10 in Spellcasting
 16781 | Lair:1   | Reached XP level 11. HP: 35/48 MP: 21/24
 17156 | Lair:1   | Reached skill level 5 in Fire Magic
 17462 | Lair:1   | Learned a level 5 spell: Iskenderun's Battlesphere
 18498 | Lair:2   | Reached skill level 1 in Shields
 19046 | Lair:2   | Reached **** piety under Sif Muna
 19361 | Lair:3   | Reached skill level 10 in Dodging
 20145 | Lair:3   | Got a faintly humming chain mail
 20156 | Lair:3   | Identified the cursed +1 chain mail of Vuplum {Regen+ Dex+4} (You found it on level 3 of the Lair of Beasts)
 20239 | Lair:3   | Noticed Fannar
 20239 | Lair:3   | Noticed a death yak
 20332 | Lair:3   | Killed Fannar
 20332 | Lair:3   | Reached skill level 5 in Invocations
 20345 | Lair:3   | Killed a death yak
 20345 | Lair:3   | Reached XP level 12. HP: 28/53 MP: 13/26
 21037 | Lair:3   | Reached ***** piety under Sif Muna
 21595 | Lair:4   | Reached skill level 11 in Spellcasting
 22522 | Lair:5   | Noticed a six-headed hydra
 22586 | Lair:4   | Slain by a black mamba

Vault maps used:
D:1:      dpeg_arrival_snail
D:3:      nicolae_overflow_crystal_walls
D:4:      marbit_many_paths, minmay_temple_entry_fiery, serial_shops,
          nicolae_shop_trees, enter_ossuary_5, lightli_corner_chamber,
          uniq_natasha
D:5:      kiku_gazebo_garden_becter, first_bread
D:6:      gammafunk_pakellas_statue_experiment
D:7:      uniq_menkaure
D:8:      lair_0_dummy, enter_bailey_3, uniq_prince_ribbit1
D:9:      grunt_temple_overflow_opulence, nicolae_overflow_hidden_temple
Temple:   water_room_temple_b_12
Lair:1:   st_stairs_5, serial_bayou_shore_b, grunt_megastairs_1,
          infiniplex_staircase_pool, serial_bayou_shore_b
Lair:2:   grunt_megastairs_4
Lair:3:   serial_bayou_shore_a, uniq_fannar
Lair:4:   patterned_corridor
Lair:5:   minmay_snake_entry_six_corridors
Ossuary:  minmay_ossuary_two_tombs

Action                   |  1- 3 |  4- 6 |  7- 9 | 10-12 || total
-------------------------+-------+-------+-------+-------++-------
Melee: Dagger            |     2 |    68 |    75 |   220 ||   365
Throw: Throwing net      |       |       |     1 |       ||     1
 Cast: Magic Dart        |   100 |   101 |   160 |   324 ||   685
       Searing Ray       |     3 |    11 |    25 |    11 ||    50
       Dazzling Spray    |       |    21 |    88 |   152 ||   261
       Conjure Flame     |       |    10 |    23 |    32 ||    65
       Repel Missiles    |       |       |     1 |     1 ||     2
       Mephitic Cloud    |       |       |       |    14 ||    14
Invok: Channel Energy    |       |       |     1 |       ||     1
  Use: Scroll            |       |     9 |     5 |    14 ||    28
       Potion            |       |     2 |     2 |     5 ||     9
 Stab: Invisible         |       |     3 |     8 |    27 ||    38
       Sleeping          |       |     2 |     5 |     3 ||    10
       Confused          |       |       |       |     2 ||     2
  Eat: Chunk             |     4 |     6 |    14 |    22 ||    46
       Bread ration      |       |     1 |     1 |     1 ||     3
       Beef jerky        |       |     1 |       |     1 ||     2
       Meat ration       |       |       |     2 |       ||     2
